 Dungeon Crawl Stone Soup version 0.32-a0-931-g5a2cda0630 (webtiles) character file.

Game seed: 1843899273971242656

1 Meejax the Ducker (level 1, -1/16 HPs)
             Began as a Demonspawn Gladiator on Apr 13, 2024.
             Frozen to death by an endoplasm (3 damage)
             ... on level 1 of the Dungeon.
             The game lasted 00:00:07 (41 turns).

Meejax the Ducker (Demonspawn Gladiator)              Turns: 41, Time: 00:00:08

Health: -1/16      AC:  4    Str: 14    XL:     1   Next: 16%
Magic:  1/1        EV: 11    Int:  8    God:
Gold:   1          SH:  0    Dex: 14    Spells: 0/0 levels left

rFire   . . .        a - +0 long sword
rCold   . . .        (no shield)
rNeg    . . .        b - +0 leather armour
rPois   .            c - +0 helmet
rElec   .            (no cloak)
rCorr   .            (no gloves)
SInv    .            (no boots)
Will    .....        (no amulet)
Stlth   +            (no ring)
HPRegen 0.22/turn    (no ring)
MPRegen 0.07/turn

%: no passive effects
@: no status effects
A: no striking features
a: no special abilities


You were on level 1 of the Dungeon.
You visited 1 branch of the dungeon, and saw 1 of its levels.

You collected 1 gold pieces.

Inventory:

Hand Weapons
 a - a +0 long sword (weapon)
Missiles
 d - 3 throwing nets (quivered)
 e - a javelin
Armour
 b - a +0 leather armour (worn)
 c - a +0 helmet (worn)
Jewellery
 f - an amulet of guardian spirit


   Skills:
 + Level 2.0 Fighting
 + Level 2.7 Long Blades
 + Level 1.7 Throwing
 + Level 2.7 Dodging


You couldn't memorise any spells.
You didn't know any spells.
Your spell library was empty.

Dungeon Overview and Level Annotations

Branches:
Dungeon (1/15)

Altars:


Message History

Found a trident.
f - an amulet of guardian spirit A goblin comes into view.
It is wielding a +0 dagger.
Found a sling.
The goblin shouts!
A goblin is nearby!
The goblin hits you but does no damage.
You closely miss the goblin. The goblin hits you but does no damage.
You hit the goblin.
You kill the goblin!
You now have 1 gold piece.
An endoplasm comes into view.
An endoplasm is nearby!
An endoplasm is nearby!
A kobold and an endoplasm come into view.
The kobold is wielding a +1 short sword of holy wrath.
The kobold shouts!
The kobold throws a stone.
The stone hits you but does no damage.
The endoplasm quivers.
The kobold misses you.
You miss the kobold. The kobold hits you but does no damage.
You hit the kobold.
The kobold is moderately wounded.
The endoplasm freezes you.
You are frozen.
The kobold misses you. The endoplasm freezes you.
You are frozen.
The kobold barely misses you.
You barely miss the kobold.
The kobold is moderately wounded.
The endoplasm hits you. The endoplasm barely misses you.
The kobold hits you with a +1 short sword of holy wrath.
You convulse.
You closely miss the kobold.
The kobold is moderately wounded.
The endoplasm freezes you.
You are frozen.
* * * LOW HITPOINT WARNING * * *
The endoplasm freezes you.
You are frozen.
You die...

#.# . #.# .## #.# . ..#
#.# ..#########.# #.#
#........=..# #.#
#..........# #.#
#....J.....###.########
#....K@............)..#
#....J....#..#........#
...........##.#...)....#
#..##########...#.....)#
## #.....#......#
#.##..#......# #.
#..######## #. #..# .
#..#


You could see 2 endoplasms and a kobold.

Vanquished Creatures
  A goblin (D:1)
1 creature vanquished.

Notes
Turn   | Place    | Note
-------+----------+-------------------------------------------
     0 | D:1      | Meejax the Demonspawn Gladiator began the quest for the
                  | Orb.
     0 | D:1      | Reached XP level 1. HP: 16/16 MP: 1/1
    41 | D:1      | Frozen to death by an endoplasm

Illustrated notes

Levels and vault maps discovered:
D:1:      wander_arrival_chamber, layout_rooms

Action                     || total
---------------------------++-------
  Melee: Long sword        ||     6
 Armour: Leather armour    ||     6
  Dodge: Dodged            ||     4

Table legend: (Time is in decaauts)
 A = Elapsed time spent in this place.
 B = Non-inter-level travel time spent in this place.
 C = Inter-level travel time spent in this place.
 D = Time resting spent in this place.
 E = Time spent auto-exploring this place.
 F = Levels seen in this place.
 G = Mean time per level.
                   A        B        C        D        E       F      G
               +--------+--------+--------+--------+--------+-----+--------+
         Total |     42 |     42 |      0 |      0 |     23 |   1 |   42.0 |
       Dungeon |     42 |     42 |      0 |      0 |     23 |   1 |   42.0 |
               +--------+--------+--------+--------+--------+-----+--------+

Top non-repeatable levels by time:
     D:1: 42 daAuts
